 Dungeon Crawl Stone Soup version 0.14-a0-1721-g84c87b2 (webtiles) character file.

293 Kae the Ruffian (level 4, -4/35 HPs)
             Began as a Draconian Transmuter on Jan 2, 2014.
             Slain by an orc priest
             ... wielding a +0,+0 orcish hand axe
              (6 damage)
             ... on Level 3 of the Dungeon.
             The game lasted 00:04:59 (2701 turns).

Kae the Ruffian (Draconian Transmuter)              Turns: 2701, Time: 00:05:01

HP  -4/35        AC  6     Str 13      XL: 4   Next: 85%
MP   6/7         EV 12     Int 13      God:
Gold 166         SH  0     Dex 12      Spells:  1 memorised,  6 levels left

rFire  . . .     SeeInvis .       - Unarmed
rCold  . . .     Clarity  .     (armour unavailable)
rNeg   . . .     Conserve +     (no shield)
rPois  .         rCorr    .     (helmet restricted)
rElec  .         rRot     .     n - +0 cloak
SustAb . .       Spirit   .     (no gloves)
rMut   .         Warding  .     (no boots)
Saprov . . .     Stasis   .     t - amulet of conservation
                                (no ring)
                                (no ring)

@: appendage (expiring), slightly resistant to hostile enchantments, unstealthy
A: unfitting armour, horns 2, AC +5
a: End Transformation


You were on level 3 of the Dungeon.
You were hungry.
You had grown temporary horns.
You visited 1 branch of the dungeon, and saw 3 of its levels.

You collected 166 gold pieces.

Inventory:

Missiles
 b - 23 arrows
 p - 82 stones (quivered)
Armour
 n - a +0 cloak (worn)
Comestibles
 a - 2 bread rations
 c - a sausage
 f - a pear
 i - 2 chokos
 A - 4 chunks of orc flesh
Scrolls
 j - 6 scrolls of remove curse {unknown}
 k - 4 scrolls of identify
 l - a scroll of fear {unknown}
 m - a scroll of curse armour {unknown}
 o - a scroll of curse weapon {unknown}
 q - 2 scrolls of random uselessness {unknown}
 r - a scroll of amnesia {unknown}
 y - a scroll of teleportation {unknown}
 z - a scroll of curse jewellery {unknown}
Jewellery
 t - an amulet of conservation (around neck)
Potions
 e - a potion of mutation {unknown}
 g - a potion of confusion {unknown}
 h - 2 potions of curing
 s - a potion of might
 u - 2 potions of restore abilities
 v - 2 potions of poison
 w - a potion of speed {unknown}
 x - a potion of heal wounds {unknown}
Books
 d - a book of Changes

   Spells                             Type                      Level
   *Beastly Appendage                 Transmutation                1
   Sticks to Snakes                   Transmutation                2
   Spider Form                        Transmutation/Poison         3
   Ice Form                           Ice/Transmutation            4
   Blade Hands                        Transmutation                5


   Skills:
 - Level 1.1 Fighting
 - Level 1.7 Dodging
 * Level 5.0 Unarmed Combat
 - Level 2.0 Spellcasting
 + Level 3.2 Transmutations


You had 6 spell levels left.
You knew the following spells:

 Your Spells              Type           Power        Failure   Level  Hunger
a - Beastly Appendage     Trmt           #.....       10%         1    ##.....


Dungeon Overview and Level Annotations

Branches:
Dungeon (3/16)

Altars:

Annotations:
D:3 Sigmund


Innate Abilities, Weirdness & Mutations

Your plain brown scales are hard (AC +5).
Your body does not fit into most forms of armour.
Your cold-blooded metabolism reacts poorly to cold.
You have a pair of horns on your head.


Message History

You headbutt the orc priest, but do no damage.
The orc priest is almost dead.
The orc priest calls down the wrath of Beogh upon you.
Pain shoots through your body!
You are feeling hungry.
You hit the orc priest but do no damage.
The orc priest is almost dead.
The orc priest hits you but does no damage.
You barely miss the orc priest.
The orc priest is almost dead.
The orc priest invokes the aid of Beogh against you.
Something smites you!
* * * LOW HITPOINT WARNING * * *
You barely miss the orc priest.
You tail-slap the orc priest, but do no damage.
You punch the orc priest, but do no damage.
The orc priest is almost dead.
Your transformation is almost over.
The orc priest hits you with an orcish hand axe.
You die...

... #...# #####
#.#######...# #...#
#......###.## #...##
#......# #.# ###.....
###......# #.# #..)####
#....#...###.###...####
#..........o.>.........
#.....o##......########
###...@##......#
#....##......#
###...###.....##
#.....# #....## #...###
####.# #.%.# #.# ###.#
... #.# ... #.#


You could see an orc priest.

Vanquished Creatures
  Terence (D:3)
  3 adders
  2 worms
  4 giant geckos
  4 orcs
  A ball python (D:3)
  2 giant cockroaches
  12 hobgoblins
  6 jackals
  6 kobolds
  A quokka (D:2)
  7 bats
  5 giant newts
  5 goblins
  8 rats
67 creatures vanquished.

Notes
Turn   | Place    | Note
--------------------------------------------------------------
     0 | D:1      | Kae, the Draconian Transmuter, began the quest for the Orb.
     0 | D:1      | Reached XP level 1. HP: 16/16 MP: 3/3
   210 | D:1      | Reached XP level 2. HP: 17/23 MP: 2/4
   761 | D:1      | Reached XP level 3. HP: 28/28 MP: 6/6
  1083 | D:2      | Reached skill level 4 in Unarmed Combat
  1347 | D:2      | Reached XP level 4. HP: 28/35 MP: 7/7
  2144 | D:3      | Noticed Sigmund
  2389 | D:3      | Noticed Terence
  2401 | D:3      | Killed Terence
  2546 | D:3      | Reached skill level 5 in Unarmed Combat
  2701 | D:3      | Slain by an orc priest

Action                   |  1- 3 |  4- 6 || total
-------------------------+-------+-------++-------
Melee: Unarmed           |   127 |    99 ||   226
 Cast: Beastly Appendage |    28 |    18 ||    46
  Use: Scroll            |       |     4 ||     4
       Potion            |       |     1 ||     1
